 Dungeon Crawl Stone Soup version 0.26.1-11-gd32895ea62 (webtiles) character file.

Game seed: 5443088264320905276

147 Eitelfritz the Slasher (level 5, 0/45 HPs)
             Began as a Minotaur Gladiator on Apr 18, 2021.
             Slain by an adder (5 damage)
             ... on level 3 of the Dungeon.
             The game lasted 00:03:38 (2058 turns).

Eitelfritz the Slasher (Minotaur Gladiator)         Turns: 2058, Time: 00:03:39

Health: 0/45       AC:  3    Str: 19    XL:     5   Next: 7%
Magic:  4/4        EV: 13    Int:  6    God:
Gold:   36         SH:  0    Dex: 11    Spells: 4/4 levels left

rFire    . . .     SeeInvis .   a - +0 long sword
rCold    . . .     Faith    .   (no shield)
rNeg     . . .     Spirit   .   b - +0 leather armour
rPois    .         Reflect  .   c - +0 hat
rElec    .         Harm     .   (no cloak)
rCorr    .         Rampage  .   (no gloves)
Will     .....                  (no boots)
Stlth    +.........             (no amulet)
HPRegen  0.15/turn              (no ring)
MPRegen  0.09/turn              (no ring)

@: lethally poisoned (0 -> -17)
A: retaliatory headbutt, horns 2
a: no special abilities


You were on level 3 of the Dungeon.
You visited 1 branch of the dungeon, and saw 3 of its levels.

You collected 36 gold pieces.

Inventory:

Hand Weapons
 a - a +0 long sword (weapon)
 o - a +0 flail
Missiles
 d - 3 throwing nets (quivered)
Armour
 b - a +0 leather armour (worn)
 c - a +0 hat (worn)
Jewellery
 n - an uncursed ring of protection from cold {unknown}
Scrolls
 e - a scroll of teleportation {unknown}
 f - a scroll of magic mapping {unknown}
 g - 3 scrolls of identify {unknown}
 h - 2 scrolls of fear {unknown}
 k - a scroll of enchant weapon {unknown}
 l - a scroll of amnesia {unknown}
Potions
 i - a potion of haste {unknown}
 j - 2 potions of curing {unknown}
 m - a potion of degeneration {unknown}


   Skills:
 + Level 3.2 Fighting
 + Level 4.8 Long Blades
 + Level 2.3 Throwing
 + Level 2.2 Armour
 + Level 4.4 Dodging


You had 4 spell levels left.
You didn't know any spells.
Your spell library was empty.

Dungeon Overview and Level Annotations

Branches:
Dungeon (3/15)

Altars:


Innate Abilities, Weirdness & Mutations

You reflexively headbutt those who attack you in melee.
You have a pair of horns on your head.


Message History

The adder is moderately wounded.
The adder bites you.
You are poisoned.
The adder poisons you! The adder bites you.
You are more poisoned.
The adder poisons you!
You hit the adder.
The adder is heavily wounded.
You feel sick. The adder bites you.
* * * LOW HITPOINT WARNING * * *
You are lethally poisoned!
The adder poisons you!
You hit the adder. Your headbutt misses the adder.
The adder is almost dead.
* * * LOW HITPOINT WARNING * * *
You feel sick. The adder bites you.
* * * LOW HITPOINT WARNING * * *
You are more poisoned.
The adder poisons you! The adder bites you.
You die...

#.......
#.......
#.....#
#.....####
#... ....##.
###.# .......
#...###.......
#.<#).........
#..#.#@†#####?
#..#.#S.......
#..#.##.###...
#..#.# .. .
...... ...
.##.#.. .... .
#.#.. ..... .
... ....#.


You could see an adder.

Vanquished Creatures
  An orc priest (D:3)
  3 gnolls (D:2)
  3 adders (D:2)
  2 oozes
  A worm (D:3)
  A dart slug (D:1)
  A leopard gecko (D:2)
  2 orcs (D:3)
  2 ball pythons (D:2)
  4 giant cockroaches
  6 goblins
  6 hobgoblins
  5 jackals (D:2)
  A quokka (D:2)
  A bat (D:1)
  3 kobolds
  4 rats
46 creatures vanquished.

Notes
Turn   | Place    | Note
-------+----------+-------------------------------------------
     0 | D:1      | Eitelfritz the Minotaur Gladiator began the quest for the
                  | Orb.
     0 | D:1      | Reached XP level 1. HP: 18/18 MP: 0/0
   283 | D:1      | Reached XP level 2. HP: 25/25 MP: 1/1
   786 | D:2      | Reached XP level 3. HP: 10/30 MP: 2/2
  1123 | D:2      | Reached skill level 1 in Armour
  1663 | D:2      | Reached XP level 4. HP: 37/37 MP: 3/3
  2043 | D:3      | Reached XP level 5. HP: 27/45 MP: 4/4
  2058 | D:3      | Slain by an adder

Illustrated notes

Levels and vault maps discovered:
D:1:      minmay_arrival_four_houses, layout_basic, skrybe_limestone_x
D:2:      layout_basic, st_stairs_12
D:3:      lemuel_upstairs_altar, layout_basic, chequers_ecumenical_altar_twisty

Skill      XL: |  1  2  3  4 |
---------------+-------------+-----
Long Blades    | 4 |  4.8
Armour         | 1 2 |  2.2
Dodging        | 4 |  4.4
Fighting       | 3 |  3.2
Throwing       | |  2.3

Action                   |  1- 3 |  4- 6 || total
-------------------------+-------+-------++-------
Melee: Long sword        |    56 |    27 ||    83
       Headbutt          |     9 |     6 ||    15
Armor: Leather armour    |    12 |     1 ||    13
Dodge: Dodged            |    52 |    18 ||    70
       Rpst.: Long sword |    10 |     5 ||    15
